 Dungeon Crawl Stone Soup version 0.28.0 (webtiles) character file.

Game seed: 14144900613057281433

20 Ayyar the Cleaver (level 2, 0/23 HPs)
             Began as a Gnoll Wanderer on Mar 30, 2022.
             Slain by a goblin (4 damage)
             ... on level 1 of the Dungeon.
             The game lasted 00:02:30 (921 turns).

Ayyar the Cleaver (Gnoll Wanderer)                   Turns: 921, Time: 00:02:31

Health: 0/23       AC:  2    Str: 11    XL:     2   Next: 79%
Magic:  5/5        EV: 11    Int: 13    God:
Gold:   19         SH:  4    Dex:  9    Spells: 6/6 levels left

rFire   . . .      SeeInvis .   a - +0 war axe
rCold   . . .      Faith    .   b - +0 buckler
rNeg    . . .      Spirit   .   c - +0 robe
rPois   .          Reflect  .   (no helmet)
rElec   .          Harm     .   (no cloak)
rCorr   .          Rampage  .   (no gloves)
Will    .....                   (no boots)
Stlth   +.........              (no amulet)
HPRegen 0.07/turn               (no ring)
MPRegen 0.09/turn               (no ring)

@: no status effects
A: fangs 1, strong nose, distributed training
a: no special abilities


You were on level 1 of the Dungeon.
You visited 1 branch of the dungeon, and saw 1 of its levels.

You collected 19 gold pieces.

Inventory:

Hand Weapons
 a - a +0 war axe (weapon)
Armour
 b - a +0 buckler (worn)
 c - a +0 robe (worn)
Scrolls
 d - 2 scrolls of amnesia {unknown}
Potions
 e - a potion of ambrosia {unknown}


   Skills:
 + Level 2.5 Fighting
 + Level 0.5 Short Blades
 + Level 0.5 Long Blades
 + Level 8.5 Axes
 + Level 0.5 Maces & Flails
 + Level 0.5 Polearms
 + Level 0.5 Staves
 + Level 0.5 Slings
 + Level 0.5 Bows
 + Level 0.5 Crossbows
 + Level 0.5 Throwing
 + Level 0.5 Armour
 + Level 0.5 Dodging
 + Level 0.5 Stealth
 + Level 2.5 Shields
 + Level 0.5 Unarmed Combat
 + Level 2.7 Spellcasting
 + Level 0.3 Conjurations
 + Level 0.3 Hexes
 + Level 0.3 Summonings
 + Level 3.7 Necromancy
 + Level 0.3 Translocations
 + Level 0.3 Transmutations
 + Level 0.3 Fire Magic
 + Level 0.3 Ice Magic
 + Level 0.3 Air Magic
 + Level 0.3 Earth Magic
 + Level 0.3 Poison Magic
 + Level 2.5 Invocations
 + Level 0.5 Evocations


You had 6 spell levels left.
You didn't know any spells.
Your spell library contained the following spells:

 Spells                   Type           Power      Damage    Failure   Level
 Sublimation of Blood     Necr           11%        N/A       11%         2
 Corpse Rot               Necr/Air       14%        N/A       21%         2


Dungeon Overview and Level Annotations

Branches:
Dungeon (1/15)

Altars:


Innate Abilities, Weirdness & Mutations

You have very sharp teeth.
Your uncanny sense of smell can sniff out nearby items.
Your experience applies equally to all skills.


Message History

You open the door.
There is an open door here.
A goblin comes into view. It is wielding a +0 mace.
The goblin shouts!
The goblin hits you with a +0 mace. The goblin blocks your attack.
The goblin hits you with a +0 mace.
You closely miss the goblin. The goblin barely misses you.
The goblin blocks your attack. You block the goblin's attack.
The goblin blocks your attack. The goblin hits you with a +0 mace.
The goblin blocks your attack.
You bite the goblin, but do no damage. The goblin closely misses you.
The goblin blocks your attack. The goblin barely misses you.
You hit the goblin. The goblin blocks your attack.
The goblin is severely wounded.
The goblin completely misses you. The goblin blocks your attack. x2
The goblin is severely wounded.
The goblin hits you but does no damage. The goblin closely misses you.
The goblin blocks your attack.
Your bite misses the goblin.
The goblin is severely wounded.
The goblin hits you with a +0 mace.
You are too injured to fight recklessly!
You are too injured to fight recklessly!
You are too injured to fight recklessly!
You are too injured to fight recklessly!
You are too injured to fight recklessly!
The goblin blocks your attack.
The goblin is severely wounded.
You block the goblin's attack.
You hit the goblin but do no damage.
The goblin is severely wounded.
The goblin hits you but does no damage. The goblin blocks your attack.
The goblin is severely wounded.
The goblin hits you with a +0 mace!
* * * LOW HITPOINT WARNING * * *
You completely miss the goblin.
The goblin is severely wounded.
The goblin hits you with a +0 mace.
You die...

.#.#.#.#.#.#.#.#.#....#
.......................#
..#.#.#.#.#.#.#.#.#....#
......................#
#.#.#.#.#.#.#.#.#....#
#.....................#
##.#.#.#.#÷#.#.#.#....#
#.......#.......#.....#
#.....@.#........†....#
......g..#......#......#
##.......#......#......#
#.......#......#......#
#.......#...).........#
#.......#............##
#.......#........>.....
#.......#..............
#..............


You could see a goblin.

Vanquished Creatures
  An endoplasm (D:1)
  A giant cockroach (D:1)
  A goblin (D:1)
  2 hobgoblins (D:1)
  A quokka (D:1)
  5 ball pythons (D:1)
  4 bats (D:1)
  2 frilled lizards (D:1)
  A kobold (D:1)
18 creatures vanquished.

Notes
Turn   | Place    | Note
-------+----------+-------------------------------------------
     0 | D:1      | Ayyar the Gnoll Wanderer began the quest for the Orb.
     0 | D:1      | Ayyar set off with the following items: a +0 war axe, a +0
                  | buckler, a +0 robe; and the following spells available to
                  | memorise: Sublimation of Blood, Corpse Rot
     0 | D:1      | Reached XP level 1. HP: 17/17 MP: 4/4
   366 | D:1      | Reached XP level 2. HP: 23/23 MP: 5/5
   921 | D:1      | Slain by a goblin

Illustrated notes

Levels and vault maps discovered:
D:1:      dpeg_arrival_rooms_b, layout_basic, st_stairs_11

Action                   || total
-------------------------++-------
Melee: War axe           ||    77
       Bite              ||     5
 Stab: Sleeping          ||     1
Armor: Robe              ||    18
Dodge: Dodged            ||    39
Block: Buckler           ||    13
